 Dungeon Crawl Stone Soup version 0.22-a0-417-g1387785 (webtiles) character file.

10152 ohad the Grappler (level 11, -4/72 HPs)
             Began as a Demonspawn Gladiator on Apr 26, 2018.
             Was a High Priest of Cheibriados.
             Slain by an orc knight
             ... wielding a +1 great mace of draining
              (21 damage)
             ... on level 10 of the Dungeon on May 14, 2018.
             The game lasted 00:25:00 (12386 turns).

ohad the Grappler (Demonspawn Gladiator)           Turns: 12386, Time: 00:25:01

Health: -4/72      AC: 21    Str: 29    XL:     11   Next: 32%
Magic:  7/15       EV: 14    Int: 22    God:    Cheibriados [*****.]
Gold:   615        SH: 15    Dex: 38    Spells: 10/10 levels left

rFire    . . .     SeeInvis +     - Unarmed
rCold    . . .     Gourm    .   I - +0 shield
rNeg     . . .     Faith    .   U - +4 plate armour
rPois    .         Spirit   .   c - +0 helmet
rElec    .         Reflect  .   (no cloak)
rCorr    .         Harm     .   (gloves unavailable)
MR       .....                  P - +1 pair of boots "Ycomoelu" {Dex+6}
Stlth    ..........             (no amulet)
HPRegen  0.22/turn              M - ring of see invisible
MPRegen  0.14/turn              (no ring)

@: agile, drained, very slow
A: claws 3, yellow scales 1, foul stench 2, spiny 1, rot immunity
a: Bend Time, Temporal Distortion, Slouch, Step From Time, Renounce Religion


You were on level 10 of the Dungeon.
You worshipped Cheibriados.
Cheibriados was extremely pleased with you.
You were hungry.

You visited 1 branch of the dungeon, and saw 11 of its levels.

You collected 615 gold pieces.

Inventory:

Hand Weapons
 e - a +0 arbalest
 m - a +3 dagger
 o - a +1 dagger of electrocution
 Q - a +0 blowgun
 T - a +0 antimagic dagger
 V - a +2 hand crossbow of flaming
Missiles
 d - 3 throwing nets (quivered)
 g - 153 bolts
 k - 73 poisoned needles
 F - 5 curare-tipped needles
Armour
 c - a +0 helmet (worn)
 q - a +0 troll leather armour
 r - a +0 ring mail
 x - a +0 ring mail of poison resistance
 D - a cursed +0 scale mail
 G - a +0 large shield
 I - a +0 shield (worn)
 J - a +0 plate armour
 P - the +1 pair of boots "Ycomoelu" (worn) {Dex+6}
   (You found it on level 9 of the Dungeon)

   It affects your dexterity (+6).
 R - a +0 scale mail of magic resistance
 U - a +4 plate armour (worn)
Jewellery
 M - a ring of see invisible (left claw)
Wands
 a - a wand of flame (33)
 t - a wand of iceblast (9)
 B - a wand of paralysis (17)
 O - a wand of disintegration (16)
Scrolls
 h - a scroll of teleportation
 l - 4 scrolls of magic mapping
 u - 2 scrolls of amnesia {unknown}
 w - 3 scrolls of noise {unknown}
 y - a scroll of enchant weapon {unknown}
 z - 2 scrolls of vulnerability {unknown}
 C - a scroll of remove curse
 E - 2 scrolls of blinking {unknown}
 K - 3 scrolls of fog
 N - a scroll of enchant armour {unknown}
Potions
 b - a potion of ambrosia {unknown}
 i - 2 potions of curing
 j - 4 potions of might
 n - a potion of agility
 v - 2 potions of lignification {unknown}
 H - 2 potions of flight
 L - a potion of magic
 S - a potion of heal wounds {unknown}
Comestibles
 f - 20 rations
 p - a chunk of flesh


   Skills:
 - Level 2.0(1.5) Fighting
   Level 4.5(4.1) Long Blades
 - Level 1.7(1.3) Throwing
 + Level 4.1(3.7) Armour
 + Level 3.5(3.0) Dodging
 - Level 9.5(9.0) Shields
 - Level 10.5(10.0) Unarmed Combat
 - Level 6.1(5.6) Invocations
 - Level 3.0(2.5) Evocations


You had 10 spell levels left.
You didn't know any spells.
Your spell library contained the following spells:

 Spells                   Type           Power        Failure   Level  Hunger
 Apportation              Tloc           #.....       99%         1    ##.....
 Confuse                  Hex            #.......     100%        3    ####...
 Invisibility             Hex            #.......     100%        6    #######
 Tukima's Dance           Hex            #.......     100%        3    ####...
 Stone Arrow              Conj/Erth      #.....       100%        3    ####...
 Confusing Touch          Hex            #.....       99%         1    ##.....
 Passwall                 Tmut/Erth      #.........   99%         2    ###....
 Metabolic Englaciation   Hex/Ice        #.........   100%        5    ######.
 Summon Butterflies       Summ           #.......     99%         1    ##.....
 Alistair's Intoxication  Tmut/Pois      #.......     100%        5    ######.
 Lee's Rapid Deconstruct  Erth           #.........   100%        5    ######.
 Sandblast                Erth           #.....       99%         1    ##.....
 Petrify                  Tmut/Erth      #.......     100%        4    #####..
 Gell's Gravitas          Tloc           #.........   100%        3    ####...
 Yara's Violent Unravell  Hex/Tmut       #.........   100%        5    ######.
 Lesser Beckoning         Tloc           #.........   100%        3    ####...


Dungeon Overview and Level Annotations

Branches:
Dungeon (11/15)            Temple (0/1) D:4            Lair (0/6) D:8
    Orc (0/2) D:9

Altars:
Ashenzari
Cheibriados
Kikubaaqudgha
Sif Muna
Vehumet
Yredelemnul

Shops:
D:4 =   D:5 %   D:9 (


Innate Abilities, Weirdness & Mutations

You have claws for hands.
You are partially covered in yellow scales. (AC +2)
You frequently emit foul miasma when damaged in melee.
You are partially covered in sharp spines.
You are immune to rotting.


Message History

The orc knight shouts!
Unknown command.
You block the orc knight's attack.
The orc knight is struck by your spines.
The orc knight hits you but does no damage.
You feel drained.
The orc knight looks sick.
There is a stone staircase leading up here.
You block the orc knight's attack.
You climb upwards.
There is a stone staircase leading down here.
Unknown command.
Unknown command.
Unknown command.
Unknown command.
Unknown command.
Unknown command.
You claw the orc knight!
The orc knight is moderately wounded.
The orc knight hits you with a great mace of draining!!
You die...

..............##############.....
.................................
.................................
############>....................
#.....................
#.....................
############.....................
........................<........
...............o@................
..............##################.
..............# #.
..............# #.
..............# #.
..............# #.
..............##################.
.................................
#################################


You could see an orc knight.

Vanquished Creatures
  Erolcha (D:9)
  A hydra (D:11)
  2 two-headed ogres
  Pikel (D:9)
  A manticore (D:10)
  A troll (D:10)
  3 hippogriffs
  A wyvern (D:8)
  2 hungry ghosts
  Grum (D:9)
  An eye of draining (D:8)
  5 ice beasts
  5 sky beasts
  4 phantoms
  An orc warrior (D:8)
  2 black bears (D:9)
  The ghost of Dargar the Slasher, an amateur DrMo (D:3)
  4 wolves (D:9)
  6 centaurs
  5 ogres
  4 big kobolds (D:9)
  8 bullfrogs
  A wyvern skeleton (D:9)
  7 scorpions
  3 wights (D:7)
  4 killer bees (D:7)
  A howler monkey (D:5)
  5 crimson imps
  2 centaur zombies
  3 jellies
  2 hounds
  A bullfrog skeleton (D:8)
  A gnoll shaman (D:8)
  An orc priest (D:4)
  3 orc wizards (D:4)
  A centaur skeleton (D:10)
  4 iguanas
  14 worker ants
  2 hound zombies (D:7)
  3 hound skeletons
  A worker ant zombie (D:11)
  3 gnolls (D:2)
  10 adders
  4 shadow imps
  An ooze (D:5)
  2 adder zombies (D:7)
  2 adder skeletons
  4 worms
  A dart slug (D:2)
  11 leopard geckos
  14 orcs
  8 bats
  6 giant cockroaches
  5 goblins
  8 hobgoblins
  10 jackals
  19 kobolds
  7 quokkas
  3 ball pythons
  3 frilled lizards (D:1)
  A jackal skeleton (D:11)
  A jackal zombie (D:5)
  A leopard gecko skeleton (D:8)
  3 leopard gecko zombies (D:6)
  2 quokka skeletons
  8 rats
256 creatures vanquished.

Vanquished Creatures (others)
  3 slaves (D:9)
3 creatures vanquished.

Grand Total: 259 creatures vanquished

Notes
Turn   | Place    | Note
-------+----------+-------------------------------------------
     0 | D:1      | ohad the Demonspawn Gladiator began the quest for the Orb.
     0 | D:1      | Reached XP level 1. HP: 16/16 MP: 1/1
   606 | D:1      | Gained mutation: You are partially covered in sharp spines. [demonic ancestry]
   606 | D:1      | Reached XP level 2. HP: 10/22 MP: 2/2
  1437 | D:1      | Gained mutation: You are immune to rotting. [demonic ancestry]
  1437 | D:1      | Reached XP level 3. HP: 27/27 MP: 3/3
  1961 | D:2      | Gained mutation: You have sharp fingernails. [demonic ancestry]
  1961 | D:2      | Reached XP level 4. HP: 15/33 MP: 4/4
  3216 | D:3      | Noticed Dargar's ghost (amateur DrMo)
  3314 | D:3      | Killed Dargar's ghost
  3314 | D:3      | Gained mutation: You may emit foul miasma when damaged in melee. [demonic ancestry]
  3314 | D:3      | Reached XP level 5. HP: 25/38 MP: 4/7
  3486 | D:3      | Reached skill level 1 in Unarmed Combat
  3493 | D:3      | Found a snail-covered altar of Cheibriados.
  3499 | D:3      | Found a basalt altar of Yredelemnul.
  3508 | D:3      | Became a worshipper of Cheibriados the Contemplative
  4118 | D:4      | Found a staircase to the Ecumenical Temple.
  4129 | D:4      | Found Kemasas's Jewellery Shoppe.
  4141 | D:4      | Reached skill level 2 in Unarmed Combat
  4250 | D:4      | Gained mutation: You frequently emit foul miasma when damaged in melee. [demonic ancestry]
  4250 | D:4      | Reached XP level 6. HP: 43/44 MP: 8/8
  4255 | D:4      | Reached skill level 3 in Unarmed Combat
  4329 | D:4      | Reached * piety under Cheibriados
  4360 | D:4      | Reached skill level 4 in Unarmed Combat
  4618 | D:4      | Gained mutation: You have very sharp fingernails. [demonic ancestry]
  4618 | D:4      | Reached XP level 7. HP: 22/50 MP: 9/9
  4992 | D:4      | Reached skill level 5 in Unarmed Combat
  5050 | D:4      | Got a pair of shimmering gloves
  5056 | D:4      | Identified the +1 pair of gloves of Objectivity {Str+4 Int-4 Dex+5} (You found it on level 4 of the Dungeon)
  5394 | D:5      | Entered Level 5 of the Dungeon
  5552 | D:5      | Reached skill level 6 in Unarmed Combat
  5736 | D:5      | Upgraded the game from 0.22-a0-374-g5dfd9e3 to 0.22-a0-417-g1387785
  6032 | D:5      | Reached XP level 8. HP: 33/56 MP: 10/10
  6241 | D:5      | Reached skill level 7 in Unarmed Combat
  6258 | D:5      | Found Ovysu's Food Shoppe.
  6477 | D:6      | Reached ** piety under Cheibriados
  6489 | D:6      | Reached skill level 8 in Unarmed Combat
  6750 | D:6      | Reached skill level 1 in Shields
  7560 | D:7      | Noticed a hippogriff
  7571 | D:7      | Killed a hippogriff
  7571 | D:7      | Reached skill level 5 in Shields
  7571 | D:7      | Gained mutation: You have claws for hands. [demonic ancestry]
  7571 | D:7      | Reached XP level 9. HP: 38/61 MP: 11/11
  7794 | D:7      | Reached *** piety under Cheibriados
  7802 | D:7      | Found an ancient bone altar of Kikubaaqudgha.
  8434 | D:7      | Reached skill level 1 in Invocations
  9046 | D:8      | Reached skill level 5 in Invocations
  9064 | D:8      | Reached **** piety under Cheibriados
  9238 | D:8      | Found a shattered altar of Ashenzari.
  9272 | D:8      | Gained mutation: You are partially covered in yellow scales. (AC +2) [demonic ancestry]
  9272 | D:8      | Reached XP level 10. HP: 66/67 MP: 14/14
  9530 | D:8      | Found a deep blue altar of Sif Muna.
  9530 | D:8      | Found a radiant altar of Vehumet.
  9813 | D:8      | Noticed a two-headed ogre
  9826 | D:8      | Killed a two-headed ogre
  9826 | D:8      | Reached skill level 9 in Unarmed Combat
 10120 | D:8      | Found a staircase to the Lair.
 10167 | D:9      | Found a staircase to the Orcish Mines.
 10243 | D:9      | Reached ***** piety under Cheibriados
 10410 | D:9      | Got a pair of slimy boots
 10421 | D:9      | Identified the +1 pair of boots "Ycomoelu" {Dex+6} (You found it on level 9 of the Dungeon)
 10443 | D:9      | Found Ugeinteh's Antique Weapon Emporium.
 10554 | D:9      | Noticed Grum
 10578 | D:9      | Killed Grum
 10578 | D:9      | Reached skill level 10 in Unarmed Combat
 10750 | D:9      | Noticed Erolcha
 10765 | D:9      | Noticed Pikel
 10775 | D:9      | Killed Pikel
 10790 | D:9      | Killed Erolcha
 11296 | D:10     | Entered Level 10 of the Dungeon
 11296 | D:10     | Noticed a manticore
 11301 | D:10     | Killed a manticore
 11301 | D:10     | Reached XP level 11. HP: 25/72 MP: 15/15
 11643 | D:10     | Noticed a two-headed ogre
 11653 | D:10     | Killed a two-headed ogre
 12340 | D:11     | Noticed an eight-headed hydra
 12340 | D:11     | Noticed an orc knight
 12358 | D:11     | Killed an eight-headed hydra
 12368 | D:11     | Noticed a seven-headed hydra
 12368 | D:11     | Noticed a two-headed ogre
 12369 | D:11     | Noticed a storm dragon
 12370 | D:11     | Noticed a two-headed ogre
 12386 | D:10     | Slain by an orc knight

Vault maps used:
D:1:      dpeg_arrival_three_bigger_balls
D:2:      first_ration, minmay_split_cup_small
D:3:      wad_lake_hut, grunt_temple_overflow_open, grunt_ministairs_8
D:4:      wad_pebble_path, minmay_temple_entry_glass, serial_shops,
          kennysheep_mini_moat
D:5:      serial_shops, nicolae_shop_behind_doors
D:7:      lemuel_crystal_altar
D:8:      gammafunk_temple_overflow_elements, evilmike_ruin_ashenzari,
          lair_entry_dummy, minmay_pinched_square
D:9:      kennysheep_spiral_hall, serial_shops, nicolae_shop_overgrown_old_shop,
          blue_anna_alchemist, uniq_erolcha, uniq_pikel, uniq_grum
D:11:     minmay_the_grid_square_5x5_5x5_mashed, uniq_fannar, uniq_nergalle

Skill      XL: |  1  2  3  4  5  6  7  8  9 10 11 |
---------------+----------------------------------+-----
Long Blades    | 3 4 |  4.5
Evocations     | 3 |  3.0
Unarmed Combat | 2 4 6 8 10 | 10.5
Shields        | 5 7 9 |  9.5
Invocations    | 6 |  6.1
Armour         | 4 |  4.1
Dodging        | 3 |  3.5
Fighting       | |  2.0
Throwing       | |  1.7

Action                   |  1- 3 |  4- 6 |  7- 9 | 10-12 || total
-------------------------+-------+-------+-------+-------++-------
Melee: Long sword        |    93 |    14 |       |       ||   107
       Dagger            |       |   106 |       |     6 ||   112
       Punch             |       |     1 |     2 |       ||     3
       Unarmed           |       |       |   272 |   204 ||   476
Throw: Throwing net      |     3 |       |       |       ||     3
Invok: Temporal Distorti |       |       |     1 |       ||     1
       Step From Time    |       |       |       |     1 ||     1
 Abil: Evoke Berserk Rag |       |     1 |       |       ||     1
  Use: Scroll            |       |     6 |       |     9 ||    15
       Potion            |       |       |       |     2 ||     2
 Stab: Sleeping          |     2 |       |       |     3 ||     5
  Eat: Chunk             |     3 |    10 |     6 |     6 ||    25
       Ration            |       |       |     1 |       ||     1
Armor: Leather armour    |    22 |    10 |       |       ||    32
       Ring mail         |       |    18 |    63 |    32 ||   113
       Plate armour      |       |       |       |    29 ||    29
Dodge: Dodged            |    59 |    66 |    98 |   117 ||   340
Block: Shield            |       |       |   110 |   181 ||   291
       Rpst.: Long sword |    21 |       |       |       ||    21

Table legend:
 A = Spawn XP
 B = Non-spawn XP
 C = Spawn XP percentage of total XP
 D = Spawn monster count
 E = Non-spawn monster count
 F = Spawn count percentage of total count
 G = Total turns spent on level
                    A         B        C        D         E        F      G
               +---------+---------+-------+---------+---------+-------+---------
         Total |       0 |   14504 |   0.0 |       0 |     256 |   0.0 | 12386
               +---------+---------+-------+---------+---------+-------+---------
           D:1 |       0 |      46 |   0.0 |       0 |      29 |   0.0 |  1668
           D:2 |       0 |      96 |   0.0 |       0 |      22 |   0.0 |  1584
           D:3 |       0 |     163 |   0.0 |       0 |      13 |   0.0 |   859
           D:4 |       0 |     633 |   0.0 |       0 |      24 |   0.0 |  1340
           D:5 |       0 |     753 |   0.0 |       0 |      17 |   0.0 |  1023
           D:6 |       0 |     978 |   0.0 |       0 |      21 |   0.0 |  1065
           D:7 |       0 |    1898 |   0.0 |       0 |      32 |   0.0 |  1501
           D:8 |       0 |    2526 |   0.0 |       0 |      31 |   0.0 |  1116
           D:9 |       0 |    3823 |   0.0 |       0 |      46 |   0.0 |  1140
          D:10 |       0 |    2410 |   0.0 |       0 |      15 |   0.0 |   990
          D:11 |       0 |    1178 |   0.0 |       0 |       6 |   0.0 |   100
               +---------+---------+-------+---------+---------+-------+---------
